 Dungeon Crawl Stone Soup version 0.18.1-48-g4cf74bf (webtiles) character file.

263 Alarkh the Shooter (level 5, -4/38 HPs)
             Began as a Mummy Hunter on Sept 4, 2016.
             Was an Initiate of Okawaru.
             Slain by Purgy (5 damage)
             ... in a sewer.
             The game lasted 00:05:58 (2788 turns).

Alarkh the Shooter (Mummy Hunter)                   Turns: 2788, Time: 00:05:58

Health: -4/38      AC:  6    Str: 15    XL:     5   Next: 97%
Magic:  5/5        EV: 11    Int: 15    God:    Okawaru [......]
Gold:   229        SH:  5    Dex: 13    Spells: 0 memorised, 4 levels left

rFire  x . .     SeeInvis .     b - +4 quarterstaff (chaos)
rCold  + . .     Gourm    .     t - +1 leather armour of Kikubaaqudgha's Fury {Int+4}
rNeg   + + +     Faith    .     (shield currently unavailable)
rPois  ∞         Spirit   .     (no helmet)
rElec  .         Dismiss  .     q - +0 cloak
rCorr  .         Reflect  +     (no gloves)
SustAt .         Harm     .     n - +0 pair of boots
MR     .....                    u - +5 amulet of reflection
Stlth  +.........               (no ring)
                                j - ring of wizardry

@: very slightly contaminated, not resistant to hostile enchantments, very
unstealthy
A: no food or potions, fire vulnerability, cold resistance 1, negative energy
resistance 3, torment resistance, unbreathing
a: Renounce Religion


You were in a sewer.
You worshipped Okawaru.
Okawaru was noncommittal.
You were not hungry.

You visited 1 branch of the dungeon, and saw 4 of its levels.
You also visited: Sewer.

You collected 229 gold pieces.

Inventory:

Hand Weapons
 a - a +1 shortbow
 b - a +4 quarterstaff of chaos (weapon)
 g - a +0 short sword
 i - a +4 trident
 p - a +0 mace
Missiles
 d - 10 arrows
Armour
 c - a +0 leather armour
 n - a +0 pair of boots (worn)
 q - a +0 cloak (worn)
 t - the +1 leather armour of Kikubaaqudgha's Fury (worn) {Int+4}
   (You found it on level 4 of the Dungeon)

   It affects your intelligence (+4).
Jewellery
 j - a ring of wizardry (left hand)
 o - a +5 amulet of reflection
 u - a +5 amulet of reflection (around neck)
Scrolls
 e - a scroll of identify
 f - a scroll of enchant armour
 h - a scroll of magic mapping {unknown}
 l - a scroll of random uselessness {unknown}
 m - a scroll of noise


   Skills:
 - Level 2.0 Fighting
 + Level 6.0 Bows
 - Level 1.5 Dodging
 - Level 0.7 Stealth


You had 4 spell levels left.
You didn't know any spells.

Dungeon Overview and Level Annotations

Branches:
Dungeon (4/15)
 Temple: D:4-7

Altars:
Okawaru

Annotations:
Sewer Purgy


Innate Abilities, Weirdness & Mutations

You do not eat or drink.
Your flesh is vulnerable to fire.
You are immune to poison.
Your flesh is cold resistant.
You are immune to negative energy.
You are immune to unholy pain and torment.
You can survive without breathing.


Message History

b - a +4 quarterstaff of chaos (weapon)
You hit Purgy.
Purgy is poisoned.
Purgy is moderately wounded.
Purgy bites you but does no damage. Purgy claws you.
* * * LOW HITPOINT WARNING * * *
Purgy barely misses you.
You closely miss Purgy.
Purgy is moderately wounded.
Purgy barely misses you. Purgy claws you but does no damage.
Purgy barely misses you. Purgy bites you.
* * * LOW HITPOINT WARNING * * *
Purgy closely misses you. You block Purgy's attack.
You hit Purgy. You burn Purgy.
Purgy is heavily wounded.
Purgy closely misses you. x2; Purgy claws you.
* * * LOW HITPOINT WARNING * * *
You closely miss Purgy.
Purgy is heavily wounded.
Purgy bites you.
You die...

#∩....∩..'.!#
####.≈≈≈(####
####.≈≈≈.####
#!.'.≈≈≈.'..#
####.≈≈≈(####
####.≈≈≈(####
#.†'.≈≈≈.').#
####.≈≈≈T####
####.≈≈≈@####
#..'.≈≈≈.')!#
#############
#≈≈≈# #≈≈≈#
#≈≈≈# #≈≈≈#
#≈≈≈# #≈≈≈


You could see Purgy.

Vanquished Creatures
  A big kobold (Sewer)
  Crazy Yiuf (D:2)
  Jessica (D:2)
  6 adders
  3 oozes
  A worm (shapeshifter) (D:3)
  2 worms (D:2)
  A dart slug (D:1)
  7 giant geckos
  11 bats
  2 giant cockroaches
  6 goblins
  4 hobgoblins
  A jackal (D:1)
  A quokka (D:3)
  2 ball pythons
  2 giant newts (D:1)
  7 kobolds
  13 rats
72 creatures vanquished.

Vanquished Creatures (others)
  A fungus (D:2)
1 creature vanquished.

Grand Total: 73 creatures vanquished

Notes
Turn   | Place    | Note
--------------------------------------------------------------
     0 | D:1      | Alarkh the Mummy Hunter began the quest for the Orb.
     0 | D:1      | Reached XP level 1. HP: 16/16 MP: 1/1
   185 | D:1      | Reached XP level 2. HP: 22/22 MP: 2/2
   451 | D:1      | Reached skill level 4 in Bows
   687 | D:1      | Reached XP level 3. HP: 19/27 MP: 3/3
  1005 | D:2      | Noticed Jessica
  1016 | D:2      | Killed Jessica
  1016 | D:2      | Reached XP level 4. HP: 16/33 MP: 4/4
  1217 | D:2      | Found an iron altar of Okawaru.
  1230 | D:2      | Became a worshipper of Warmaster Okawaru
  1303 | D:2      | Reached skill level 5 in Bows
  1441 | D:2      | Noticed Crazy Yiuf
  1448 | D:2      | Paralysed by Crazy Yiuf for 4 turns
  1801 | D:2      | Killed Crazy Yiuf
  1801 | D:2      | Reached XP level 5. HP: 38/38 MP: 5/5
  2550 | D:4      | Found a glowing drain.
  2563 | D:4      | Got a transparent leather armour
  2584 | D:4      | Identified the +1 leather armour of Kikubaaqudgha's Fury {Int+4} (You found it on level 4 of the Dungeon)
  2605 | Sewer    | Entered a sewer
  2674 | Sewer    | Reached skill level 6 in Bows
  2712 | Sewer    | Noticed Purgy
  2786 | Sewer    | HP: 1/38 [Purgy (2)]
  2788 | Sewer    | Slain by Purgy

Skill      XL: |  1  2  3  4  5 |
---------------+----------------+-----
Bows           | 4 5 6 |  6.0
Fighting       | |  2.0
Dodging        | |  1.5
Stealth        | |  0.7

Action                   |  1- 3 |  4- 6 || total
-------------------------+-------+-------++-------
Melee: Mace              |    23 |    17 ||    40
       Short sword       |     2 |       ||     2
       Quarterstaff      |       |    57 ||    57
 Fire: Shortbow          |    46 |    80 ||   126
  Use: Scroll            |       |    10 ||    10
 Stab: Sleeping          |       |     1 ||     1
Armor: Leather armour    |    11 |    57 ||    68
Dodge: Dodged            |    28 |    63 ||    91
Block: Other             |       |    22 ||    22
       Reflection        |       |     1 ||     1
